 Dungeon Crawl Stone Soup version 0.17.0-7-gfadd4cc (webtiles) character file.

25 septik the Sneak (level 2, -4/13 HPs)
             Began as a Spriggan Enchanter on Nov 8, 2015.
             Slain by a goblin
             ... wielding a +0 club
             ... led by Robin
              (5 damage)
             ... on level 2 of the Dungeon.
             The game lasted 00:04:21 (990 turns).

septik the Sneak (Spriggan Enchanter)                Turns: 990, Time: 00:04:23

Health: -4/13      AC:  3    Str:  4    XL:     2   Next: 86%
Magic:  1/6        EV: 18    Int: 16    God:
Gold:   60         SH:  0    Dex: 16    Spells: 2 memorised, 3 levels left

rFire  . . .     SeeInvis +     a - +1 dagger
rCold  . . .     Clarity  .     b - +1 robe
rNeg   . . .     SustAt   .     (shield restricted)
rPois  .         Gourm    .     (helmet restricted)
rElec  .         Spirit   .     (no cloak)
rCorr  .         Warding  .     (gloves unavailable)
rMut   .         Stasis   .     (boots unavailable)
MR     .....                    (no amulet)
Stlth  +++.......               (no ring)
                                (no ring)

@: very slightly contaminated, very quick, not resistant to hostile
enchantments, fairly stealthy
A: unfitting armour, see invisible, herbivore 3, speed 3, slow metabolism 2
a: no special abilities


You were on level 2 of the Dungeon.
You were not hungry.

You visited 1 branch of the dungeon, and saw 2 of its levels.

You collected 60 gold pieces.

Inventory:

Hand Weapons
 a - a +1 dagger (weapon)
Armour
 b - a +1 robe (worn)
Scrolls
 f - a scroll of remove curse {unknown}
Potions
 e - a potion of curing {unknown}
Books
 c - a book of Maledictions

   Spells                             Type                      Level
   a - Corona                         Hexes                        1
   b - Ensorcelled Hibernation        Hexes/Ice                    2
   c - Confuse                        Hexes                        3
   d - Tukima's Dance                 Hexes                        3
   e - Dazzling Spray                 Conjuration/Hexes            3
Comestibles
 d - 2 bread rations


   Skills:
 * Level 2.3 Short Blades
 - Level 3.0 Dodging
 + Level 5.4 Stealth
 - Level 2.6 Spellcasting
 - Level 3.6 Hexes


You had 3 spell levels left.
You knew the following spells:

 Your Spells              Type           Power        Failure   Level  Hunger
a - Corona                Hex            ##.....      6%          1    #......
b - Ensorcelled Hibernat  Hex/Ice        #.....       17%         2    ##.....


Dungeon Overview and Level Annotations

Branches:
Dungeon (2/15)

Altars:

Annotations:
D:2 Robin


Innate Abilities, Weirdness & Mutations

You are tiny and cannot use many weapons and most armour.
You have supernaturally acute eyesight.
You are a herbivore.
You cover ground extremely quickly.
You need consume almost no food.


Message History

You closely miss the goblin. The bat hits you but does no damage.
The bat hits you. The hobgoblin hits you. The goblin completely misses you.
The bat misses you.
Robin roars a battlecry!
The hobgoblins go into a battle-frenzy!
The goblin barely misses you. The bat barely misses you.
Robin throws the goblin at you!
You closely miss the goblin. The bat closely misses you. The bat misses you.
The hobgoblin misses you. The goblin hits you with a club.
* * * LOW HITPOINT WARNING * * *
The goblin misses you.
You barely miss the goblin. The bat barely misses you.
The hobgoblin closely misses you.
You hit the goblin.
The goblin is moderately wounded.
The goblin misses you. The hobgoblin misses you.
The hobgoblin barely misses you. The kobold hits you.
* * * LOW HITPOINT WARNING * * *
The hobgoblin misses you. The goblin hits you with a club.
You die...

##.# #...#...#. ..#
#......#.# ..#
#........ #.#
#....#.# # #.#
#......# ..
#.###.....##...
#.............
#.###.Kg..##.#
#....gg@g....#
#.....gg#.####
#(.<..gb..#
#†####.g###
#.%.##g.#
######.gg††..#####
..........#.........
########.##.#######.
#.##.#


You could see Robin, 5 hobgoblins, 3 goblins, a bat and a kobold.

Vanquished Creatures
  2 worms (D:2)
  2 bats (D:1)
  5 goblins
  3 hobgoblins (D:1)
  A giant cockroach (D:1)
  A giant gecko (D:2)
  2 giant newts
  2 jackals (D:1)
  2 rats (D:2)
20 creatures vanquished.

Notes
Turn   | Place    | Note
--------------------------------------------------------------
     0 | D:1      | septik the Spriggan Enchanter began the quest for the Orb.
     0 | D:1      | Reached XP level 1. HP: 9/9 MP: 5/5
   628 | D:1      | Reached skill level 5 in Stealth
   628 | D:1      | Reached XP level 2. HP: 13/13 MP: 6/6
   632 | D:1      | Learned a level 2 spell: Ensorcelled Hibernation
   938 | D:2      | Noticed Robin
   990 | D:2      | Slain by a goblin

Action                   || total
-------------------------++-------
Melee: Dagger            ||    70
 Cast: Ensorcelled Hiber ||     6
 Stab: Sleeping          ||     8
